 Dungeon Crawl Stone Soup version 0.25.0-9-g26727b657a (webtiles) character file.

Game seed: 16884952267101719790

9648 protoss039 the Geomancer (level 11, 0/55 HPs)
             Began as a Deep Elf Earth Elementalist on June 20, 2020.
             Was a Priest of Vehumet.
             Slain by a white ugly thing (11 damage)
             ... on level 11 of the Dungeon.
             The game lasted 01:02:27 (11684 turns).

protoss039 the Geomancer (DEEE)                    Turns: 11684, Time: 01:02:31

Health: 0/55       AC:  5    Str:  5    XL:     11   Next: 25%
Magic:  24/29      EV: 13    Int: 24    God:    Vehumet [***...]
Gold:   295        SH:  0    Dex: 15    Spells: 20/35 levels left

rFire    . . .     SeeInvis .   l - +2 dagger (venom)
rCold    + . .     Gourm    .   (no shield)
rNeg     . . .     Faith    .   D - +2 robe {rC+}
rPois    +         Spirit   .   (no helmet)
rElec    .         Reflect  .   (no cloak)
rCorr    .         Harm     .   (no gloves)
MR       +....                  B - +0 pair of boots
Stlth    ++++......             t - amulet of magic regeneration
HPRegen  0.18/turn              y - ring of stealth
MPRegen  0.46/turn              m - ring of poison resistance

@: no status effects
A: no striking features
a: Renounce Religion


You were on level 11 of the Dungeon.
You worshipped Vehumet.
Vehumet was most pleased with you.
You were not hungry.

You visited 2 branches of the dungeon, and saw 12 of its levels.

You collected 443 gold pieces.
You spent 148 gold pieces at shops.

Inventory:

Hand Weapons
 l - a +2 dagger of venom (weapon)
 C - a +3 spear of freezing
 E - a +4 scimitar of flaming
Missiles
 b - 121 stones (quivered)
Armour
 B - a +0 pair of boots (worn)
 D - a +2 robe of cold resistance (worn)
Magical Staves
 F - an uncursed staff of cold
Jewellery
 e - an uncursed ring of flight
 m - a ring of poison resistance (right hand)
 t - an amulet of magic regeneration (around neck)
 y - a ring of stealth (left hand)
Wands
 c - a wand of digging (5)
 r - a wand of clouds (6)
 G - a wand of flame (14)
Scrolls
 a - 5 scrolls of magic mapping
 f - 2 scrolls of blinking
 h - 3 scrolls of enchant weapon
 j - 8 scrolls of remove curse
 p - 2 scrolls of teleportation
 z - a scroll of enchant armour
 H - a scroll of amnesia {unknown}
 I - a scroll of fog {unknown}
Potions
 g - a potion of brilliance
 i - 5 potions of heal wounds
 k - a potion of invisibility
 n - 4 potions of haste
 o - 2 potions of mutation
 s - 4 potions of curing
 u - 2 potions of lignification
 v - a potion of resistance {unknown}
 w - a potion of ambrosia {unknown}
 x - 2 potions of might
 A - a potion of magic {unknown}
Comestibles
 d - 15 rations
 q - 7 chunks of flesh


   Skills:
 + Level 0.5 Fighting
 - Level 2.4 Dodging
 - Level 4.0 Stealth
 + Level 12.8 Spellcasting
 + Level 4.1 Conjurations
 + Level 1.7 Transmutations
 * Level 14.6 Earth Magic


You had 20 spell levels left.
You knew the following spells:

 Your Spells              Type           Power        Failure   Level  Hunger
a - Sandblast             Erth           ######       0%          1    None
b - Passwall              Tmut/Erth      ######..     1%          2    None
c - Stone Arrow           Conj/Erth      ######       1%          3    None
d - Petrify               Tmut/Erth      ######..     1%          4    None
e - Lee's Rapid Deconstr  Erth           ######....   1%          5    ###....

Your spell library contained the following spells:

 Spells                   Type           Power        Failure   Level  Hunger
 Static Discharge         Conj/Air       ####....     1%          3    None


Dungeon Overview and Level Annotations

Branches:
Dungeon (11/15)            Temple (1/1) D:7             Orc (0/2) D:10
   Lair: D:8-11

Altars:
Ashenzari
Cheibriados
Dithmenos
Elyvilon
Fedhas
Gozag
Hepliaklqana
Kikubaaqudgha
Makhleb
Nemelex Xobeh
Okawaru
Qazlal
Ru
Sif Muna
Trog
Uskayaw
Vehumet
Wu Jian
Xom
Yredelemnul
Zin
The Shining One

Shops:
D:5 *   D:8 *

Annotations:
D:2 Robin
D:7 Duvessa


Message History

Aiming: Sandblast (safe; 0% risk of failure)
Press: ? - help, Shift-Dir - straight line, f/p - white ugly thing
Aim: a white ugly thing (moderately wounded)
The blast of sand hits the white ugly thing!
The white ugly thing is severely wounded.
b - 121 stones The white ugly thing claws you!
The white ugly thing freezes you! You resist.
Unknown command.
Casting: Sandblast (safe; 0% risk of failure)
Confirm with . or Enter, or press ? or * to list all spells.
Aiming: Passwall (safe; 1% risk of failure)
Press: ? - help, Dir - move target cursor, p - white ugly thing A rock wall.
The white ugly thing barely misses you.
You begin to meditate on the wall.
You continue meditating on the rock.
The white ugly thing claws you! The white ugly thing freezes you! You resist.
* * * LOW HITPOINT WARNING * * *
You continue meditating on the rock.
The white ugly thing claws you!
You die...

# #.[.P...# ####P......#
.P.P.P.....##.# ###########
P...P.÷.......# #..........
...PP.P..########..........
................+..........
.....###.########..........
..+....#'########..........
..####..........@u.........
<..###.....................
.#..##.....................
.##÷.))........)...........
.##.#+#######.)............
.##.# #)......?...... .#..#
#.............. ....#
#....######### ###.# #....#


You could see a white ugly thing.

Vanquished Creatures
  Fannar (D:10)
  Erica (D:8)
  Pikel (D:7)
  3 centaur zombies
  Joseph (D:7)
  A gargoyle (D:10)
  Maggie (D:7)
  A hippogriff (D:9)
  8 yaks (D:9)
  A hungry ghost (D:7)
  A water moccasin (D:10)
  3 porcupines (D:11)
  A sky beast (D:6)
  An orc warrior (D:10)
  An ice beast (D:8)
  A slave (D:6)
  4 phantoms
  A necrophage (D:7)
  4 ogres
  A centaur (D:8)
  2 crocodiles
  A big kobold (D:9)
  Blork the orc (D:5)
  4 bullfrogs
  5 scorpions
  13 killer bees
  10 wights
  2 howler monkeys
  5 crimson imps
  6 orc priests
  A jelly (D:8)
  3 hounds
  3 centaur skeletons
  4 orc wizards
  A bullfrog skeleton (D:6)
  Jessica (D:2)
  9 iguanas
  6 worker ants
  A killer bee zombie (D:7)
  A hound zombie (D:6)
  2 hound skeletons (D:7)
  A worker ant zombie (D:10)
  7 gnolls
  11 adders
  3 shadow imps
  2 oozes
  2 adder skeletons
  A worm (D:3)
  4 dart slugs
  2 leopard geckos
  30 orcs
  5 bats
  A giant cockroach (D:2)
  12 goblins
  10 hobgoblins
  8 jackals
  4 ball pythons
  6 frilled lizards
  13 kobolds
  6 rats
246 creatures vanquished.

Vanquished Creatures (others)
  A slave (D:7)
  Dowan (D:7)
  2 orc priests (D:7)
  2 orc wizards (D:7)
  An orc (D:7)
  A fungus (D:11)
8 creatures vanquished.

Grand Total: 254 creatures vanquished

Notes
Turn   | Place    | Note
-------+----------+-------------------------------------------
     0 | D:1      | protoss039 the Deep Elf Earth Elementalist began the quest
                  | for the Orb.
     0 | D:1      | Reached XP level 1. HP: 10/10 MP: 6/6
   236 | D:1      | Reached XP level 2. HP: 15/15 MP: 4/8
   237 | D:1      | Reached skill level 4 in Earth Magic
   945 | D:1      | Reached XP level 3. HP: 19/19 MP: 4/9
  1286 | D:2      | Noticed Jessica
  1290 | D:2      | Found an ornate altar of the Wu Jian Council.
  1293 | D:2      | Killed Jessica
  1296 | D:2      | Reached XP level 4. HP: 24/24 MP: 7/11
  1401 | D:2      | Reached skill level 5 in Earth Magic
  1681 | D:2      | Learned a level 2 spell: Passwall
  1685 | D:2      | Learned a level 3 spell: Stone Arrow
  1870 | D:2      | Noticed Robin
  2697 | D:3      | Reached XP level 5. HP: 26/28 MP: 2/13
  3069 | D:3      | Reached skill level 6 in Earth Magic
  3088 | D:3      | Reached XP level 6. HP: 18/32 MP: 11/15
  4093 | D:3      | Reached skill level 5 in Spellcasting
  5041 | D:3      | Reached skill level 7 in Earth Magic
  5357 | D:5      | Entered Level 5 of the Dungeon
  5385 | D:5      | Reached XP level 7. HP: 36/36 MP: 12/17
  5524 | D:5      | Noticed Blork the orc
  5532 | D:5      | Killed Blork the orc
  5573 | D:5      | Found Wexzaulu's Assorted Antiques.
  5595 | D:5      | Bought a metallic cyan potion for 18 gold pieces
  5595 | D:5      | Bought a metallic cyan potion for 18 gold pieces
  5595 | D:5      | Bought a red potion for 18 gold pieces
  5595 | D:5      | Bought a metallic emerald potion for 18 gold pieces
  5595 | D:5      | Bought 2 glowing white potions for 36 gold pieces
  5595 | D:5      | Bought a scroll of identify for 40 gold pieces
  5868 | D:5      | Reached skill level 1 in Conjurations
  5868 | D:5      | Reached skill level 8 in Earth Magic
  5904 | D:5      | Found an iron altar of Okawaru.
  6207 | D:6      | Reached XP level 8. HP: 41/41 MP: 15/20
  6232 | D:6      | Reached skill level 9 in Earth Magic
  6343 | D:6      | You fall into a shaft and drop 2 floors!
  6402 | D:8      | Found Mellirost's Assorted Antiques.
  6418 | D:8      | Noticed Erica
  6439 | D:8      | Killed Erica
  6439 | D:8      | Reached skill level 10 in Earth Magic
  6439 | D:8      | Reached XP level 9. HP: 45/45 MP: 9/24
  6640 | D:8      | Reached skill level 11 in Earth Magic
  6652 | D:8      | HP: 1/45 [hound (5)]
  7059 | D:7      | Noticed Joseph
  7282 | D:7      | Found a staircase to the Ecumenical Temple.
  7283 | D:7      | Noticed Maggie
  7293 | Temple   | Entered the Ecumenical Temple
  7535 | Temple   | Became a worshipper of Vehumet
  7556 | D:7      | Noticed Pikel
  7828 | D:7      | Killed Pikel
  7828 | D:7      | Reached skill level 10 in Spellcasting
  7835 | D:7      | Reached skill level 12 in Earth Magic
  7898 | D:7      | Killed Dowan
  8051 | D:7      | Noticed Duvessa
  8325 | D:6      | Found a glowing golden altar of the Shining One.
  8555 | D:7      | Learned a level 4 spell: Petrify
  8561 | D:7      | Learned a level 5 spell: Lee's Rapid Deconstruction
  8612 | D:7      | Killed Joseph
  8612 | D:7      | Reached XP level 10. HP: 47/51 MP: 23/26
  8670 | D:7      | Killed Maggie
  9250 | D:9      | Reached * piety under Vehumet
  9250 | D:9      | Offered knowledge of Foxfire by Vehumet.
  9330 | D:9      | Reached skill level 13 in Earth Magic
  9672 | D:9      | Reached ** piety under Vehumet
  9975 | D:9      | Offered knowledge of Searing Ray by Vehumet.
 10223 | D:10     | Entered Level 10 of the Dungeon
 10549 | D:10     | Noticed Fannar
 10825 | D:10     | Killed Fannar
 10825 | D:10     | Reached skill level 14 in Earth Magic
 10825 | D:10     | Reached XP level 11. HP: 55/55 MP: 8/29
 10943 | D:10     | Offered knowledge of Static Discharge by Vehumet.
 10977 | D:10     | Reached *** piety under Vehumet
 11400 | D:10     | Found a staircase to the Orcish Mines.
 11671 | D:11     | Noticed a white ugly thing
 11684 | D:11     | Slain by a white ugly thing

Illustrated notes

Levels and vault maps discovered:
D:1:      ncdulo_watergridlock, layout_loops_corners, serial_bayou,
          serial_bayou_lake_a, serial_bayou_shore_a, serial_bayou_lagoon_a,
          serial_bayou_ford_a
D:2:      minmay_chambers_of_ones, layout_basic, overflow_temple_1_default,
          uniq_jessica, uniq_robin
D:3:      layout_basic, first_ration, minmay_cupped
D:4:      layout_loops_ring
D:5:      layout_loops_cross, serial_shops, nicolae_shop_overgrown_old_shop,
          kennysheep_okawaru_gauntlet, uniq_blork_the_orc
D:6:      layout_cave_pools, nicolae_tso_swordbearing_angel
D:7:      layout_basic, minmay_temple_entry_drinking_statues,
          chequers_ossuary_entry_cave, uniq_pikel, uniq_joseph, uniq_maggie,
          uniq_duvessa
D:8:      layout_loops_cross, serial_shops, shop, uniq_erica
D:9:      layout_irregular_city
D:10:     layout_basic, orc_0_dummy, uniq_fannar
D:11:     layout_basic, grunt_lair_entry_orc_guard_hut, hangedman_stone_soup,
          billiards_dpeg
Temple:   grunt_wide_crystal_templ

Skill      XL: |  1  2  3  4  5  6  7  8  9 10 |
---------------+-------------------------------+-----
Earth Magic    | 4 5 6 7 8 10 12 14 | 14.6
Stealth        | 3 4 |  4.0
Spellcasting   | 4 5 7 9 10 12 | 12.8
Conjurations   | 1 2 3 4 |  4.1
Fighting       | |  0.5
Dodging        | |  2.4
Transmutations | |  1.7

Action                   |  1- 3 |  4- 6 |  7- 9 | 10-12 || total
-------------------------+-------+-------+-------+-------++-------
Melee: Unarmed           |    11 |       |       |       ||    11
       Short sword       |    14 |     1 |       |       ||    15
       Dagger            |       |    28 |     5 |     2 ||    35
       Scimitar          |       |       |       |     1 ||     1
 Cast: Sandblast         |    25 |    62 |    94 |    86 ||   267
       Stone Arrow       |       |    10 |    54 |    74 ||   138
       Passwall          |       |     1 |     5 |     5 ||    11
       Lee's Rapid Decon |       |       |       |    19 ||    19
  Use: Scroll            |       |    10 |     5 |     3 ||    18
       Potion            |       |     1 |     3 |     1 ||     5
 Stab: Sleeping          |     1 |     6 |       |       ||     7
  Eat: Chunk             |     1 |    11 |     5 |    12 ||    29
       Ration            |       |     1 |     1 |       ||     2
Armor: Robe              |     5 |     4 |     8 |    10 ||    27
Dodge: Dodged            |    28 |    22 |    37 |    26 ||   113
       Rpst.: Scimitar   |       |       |       |     1 ||     1
